 Dungeon Crawl Stone Soup version 0.27-a0-668-gb5737ff2c0 (webtiles) character file.

Game seed: 6032372459320790150

25 Lanoc the Ducker (level 2, -1/17 HPs)
             Began as a Deep Elf Wanderer on Mar 18, 2021.
             Slain by an orc
             ... wielding a +0 flail
              (8 damage)
             ... on level 3 of the Dungeon.
             The game lasted 00:01:17 (1078 turns).

Lanoc the Ducker (Deep Elf Wanderer)                Turns: 1078, Time: 00:01:17

Health: -1/17      AC:  2    Str:  8    XL:     2   Next: 86%
Magic:  4/4        EV: 12    Int: 17    God:
Gold:   0          SH:  0    Dex: 14    Spells: 1/1 levels left

rFire    . . .     SeeInvis .   a - +2 falchion
rCold    . . .     Faith    .   (no shield)
rNeg     . . .     Spirit   .   c - +0 robe
rPois    .         Reflect  .   (no helmet)
rElec    .         Harm     .   (no cloak)
rCorr    .         Rampage  .   (no gloves)
Will     .....                  (no boots)
Stlth    ++........             (no amulet)
HPRegen  0.05/turn              (no ring)
MPRegen  0.09/turn              (no ring)

@: lethally poisoned (-1 -> -6)
A: no striking features
a: no special abilities


You were on level 3 of the Dungeon.
You visited 1 branch of the dungeon, and saw 3 of its levels.

Inventory:

Hand Weapons
 a - a +2 falchion (weapon)
 d - a +0 dagger
Armour
 c - a +0 robe (worn)
Wands
 e - a wand of polymorph (8)
Scrolls
 f - a scroll of fear {unknown}
Potions
 b - 4 potions of curing


   Skills:
 + Level 2.2 Fighting
 - Level 1.7 Long Blades
 + Level 2.6 Dodging
 - Level 2.4 Stealth
 - Level 1.1 Translocations
 - Level 2.1 Earth Magic


You had one spell level left.
You didn't know any spells.
Your spell library was empty.

Dungeon Overview and Level Annotations

Branches:
Dungeon (3/15)

Altars:


Message History

An adder and a kobold come into view.
The kobold is wielding a +0 dagger and quivering poisoned darts.
The adder hisses angrily.
You hear a shout!
An orc comes into view. It is wielding a +0 mace.
You see here a bubbling pink potion.
The adder barely misses you.
A worm comes into view.
The adder closely misses you.
The kobold shouts!
You hit the adder.
The adder is lightly wounded.
You hear a shout!
You hear an angry hiss.
You hear a shout! x2
You hear an angry hiss.
You hear a shout!
An orc comes into view. It is wielding a +0 flail.
The adder bites you but does no damage.
You hear a shout!
The adder closely misses you.
You riposte.
You slash the adder!
The adder is severely wounded.
You see here a bubbling pink potion.
You barely miss the adder.
The adder is severely wounded.
The adder bites you.
You are poisoned.
The adder poisons you! The adder bites you.
You completely miss the adder.
The adder is severely wounded.
You feel sick. The adder barely misses you.
You hit the adder.
You kill the adder!
You hit the orc.
The orc is heavily wounded.
The orc hits you with a +0 mace.
You are too injured to fight recklessly!
You are too injured to fight recklessly!
You closely miss the orc.
The orc is heavily wounded.
You feel sick. The orc closely misses you.
You riposte.
You hit the orc.
You kill the orc!
The orc hits you with a +0 flail!
You die...

####.#....>....#
#.#.....#...#
#.#.###.#...# #.#.#
#.#...#.##
#.#.###.#...#...
............#..
#...........#..
............#.####
....#######@#....###
... #o#....... .S
#.K.......
#.#.o.o.w.
#.#.###.## #.#.#
#.#.# #.#.# #.#..


You could see an orc and a kobold.

Vanquished Creatures
  An adder (D:3)
  An orc (D:3)
  A bat (D:1)
  4 goblins
  4 jackals (D:2)
  A kobold (D:1)
  2 frilled lizards
  A rat (D:2)
15 creatures vanquished.

Notes
Turn   | Place    | Note
-------+----------+-------------------------------------------
     0 | D:1      | Lanoc the Deep Elf Wanderer began the quest for the Orb.
     0 | D:1      | Lanoc set off with the following items: a +2 falchion, 2
                  | potions of curing, a +0 robe, a +0 dagger
     0 | D:1      | Reached XP level 1. HP: 12/12 MP: 3/3
   391 | D:2      | Reached XP level 2. HP: 11/17 MP: 4/4
  1078 | D:3      | Slain by an orc

Illustrated notes

Levels and vault maps discovered:
D:1:      tarquinn_simple_flora_water_f, layout_loops_corners, serial_forest,
          infiniplex_forest_join, infiniplex_forest_lined_2,
          infiniplex_forest_end_2, infiniplex_forest_clump_medium,
          infiniplex_forest_clump_curved, infiniplex_forest_clump_long,
          grunt_decor_junction, serial_bayou_lagoon_b
D:2:      layout_rooms, serial_shops, shop, grunt_qazlal_sundering
D:3:      minmay_recursive_quarters, layout_basic, guppyfry_early_orc_mine,
          uniq_ijyb

Skill      XL: |  1 |
---------------+----+-----
Dodging        | 2 |  2.6
Fighting       | 2 |  2.2
Long Blades    | |  1.7
Stealth        | |  2.4
Translocations | |  1.1
Earth Magic    | |  2.1

Action                   || total
-------------------------++-------
Melee: Falchion          ||    37
  Use: Potion            ||     1
 Stab: Sleeping          ||     2
Armor: Robe              ||    10
Dodge: Dodged            ||    33
       Rpst.: Falchion   ||    15

Table legend: (Time is in decaauts)
 A = Elapsed time spent in this place.
 B = Non-inter-level travel time spent in this place.
 C = Inter-level travel time spent in this place.
 D = Time resting spent in this place.
 E = Time spent auto-exploring this place.
 F = Levels seen in this place.
 G = Mean time per level.
                   A        B        C        D        E       F      G
               +--------+--------+--------+--------+--------+-----+--------+
         Total |   1086 |   1057 |     29 |      0 |    929 |   3 |  362.0 |
       Dungeon |   1086 |   1057 |     29 |      0 |    929 |   3 |  362.0 |
               +--------+--------+--------+--------+--------+-----+--------+

Top non-repeatable levels by time:
     D:2: 536 daAuts
     D:3: 465 daAuts
     D:1: 84 daAuts
